 Dungeon Crawl Stone Soup version 0.27-a0-1184-ge86db4a01e (webtiles) character file.

Game seed: 4232018729431497960

11735 tilp the Cleaver (level 11, -8/81 HPs)
             Began as a Barachi Summoner on May 18, 2021.
             Was a High Priest of Okawaru.
             Mangled by a two-headed ogre
             ... wielding a +0 giant club
              (20 damage)
             ... on level 11 of the Dungeon.
             The game lasted 00:45:27 (18600 turns).

tilp the Cleaver (Barachi Summoner)                Turns: 18600, Time: 00:45:28

Health: -8/81      AC: 15    Str: 11    XL:     11   Next: 82%
Magic:  0/20       EV: 13    Int: 15    God:    Okawaru [*****.]
Gold:   652        SH:  0    Dex: 13    Spells: 5/22 levels left

rFire    + + .     SeeInvis +   a - +8 mithril axe "Arga" {speed, Will+}
rCold    + . .     Faith    .   (no shield)
rNeg     + . .     Spirit   +   H - +2 leather armour {rN+}
rPois    .         Reflect  .   (no helmet)
rElec    .         Harm     .   C - +2 cloak
rCorr    .         Rampage  .   (no gloves)
Will     +....                  l - +2 pair of boots
Stlth    ++........             s - amulet of guardian spirit
HPRegen  0.23/turn              T - ring of the Firefly {rF++ rC+ Str-2 SInv}
MPRegen  0.17/turn              A - +4 ring of protection

@: unable to hop, very slightly contaminated, studying Bows, slow
A: amphibious, slowness 1, strong legs 1, +LOS
a: Hop, Renounce Religion, Heroism, Finesse


You were on level 11 of the Dungeon.
You worshipped Okawaru.
Okawaru was extremely pleased with you.
You visited 2 branches of the dungeon, and saw 12 of its levels.
You also visited: Sewer and Bailey.

You collected 1427 gold pieces.
You spent 775 gold pieces at shops.

Inventory:

Hand Weapons
 a - the +8 mithril axe "Arga" (weapon) {speed, Will+}
   (You bought it in a shop on level 6 of the Dungeon)

   Attacks with this weapon are significantly faster.
   It increases your willpower.
 b - a +2 hand axe of flaming
 f - a +4 war axe of freezing
 j - the +9 sword of Zonguldrok {reap}
   (You found it on level 11 of the Dungeon)

   If a monster killed with it leaves a corpse in good enough shape, the corpse
   is reanimated as a zombie friendly to the killer.
 R - a +0 broad axe
Missiles
 c - 6 atropa-tipped darts
 i - 9 throwing nets
 o - 96 poisoned darts (quivered)
 N - 52 boomerangs
Armour
 h - a +3 chain mail of cold resistance
 l - a +2 pair of boots (worn)
 C - a +2 cloak (worn)
 H - a +2 leather armour of positive energy (worn)
 U - the +1 scale mail of Courage {rElec Will+}
   (You took it off a hobgoblin in a bailey)

   It insulates you from electricity.
   It increases your willpower.
Jewellery
 s - an amulet of guardian spirit (around neck)
 y - an amulet of regeneration
 z - the ring "Zuwkimawn" {Fly Will+++}
   (You took it off a gnoll on level 8 of the Dungeon)

   [ring of flight]

   It grants you flight.
   It greatly increases your willpower.
 A - a +4 ring of protection (right hand)
 J - a +4 ring of slaying
 K - a +4 ring of evasion
 L - a ring of positive energy
 T - the ring of the Firefly (left hand) {rF++ rC+ Str-2 SInv}
   (You took it off a gnoll sergeant on level 8 of the Dungeon)

   [ring of protection from cold]

   It affects your strength (-2).
   It greatly protects you from fire.
   It protects you from cold.
   It lets you see invisible.
Wands
 B - a wand of polymorph (10)
 M - a wand of digging (2)
 O - a wand of paralysis (12)
Scrolls
 d - 2 scrolls of magic mapping
 v - 4 scrolls of teleportation
 P - 3 scrolls of fog
 Q - 3 scrolls of summoning
Potions
 e - 5 potions of attraction
 g - 2 potions of magic
 k - 6 potions of flight
 n - a potion of berserk rage
 p - a potion of ambrosia
 q - 2 potions of curing
 t - 2 potions of lignification {unknown}
 u - a potion of haste {unknown}
 w - 4 potions of heal wounds
 x - 5 potions of might
 D - a potion of invisibility {unknown}
 E - a potion of degeneration {unknown}
 G - a potion of mutation {unknown}
 I - a potion of brilliance {unknown}


   Skills:
 - Level 6.0 Fighting
 + Level 13.3(13.6) Axes
 - Level 4.0(9.1) Polearms
 - Level 6.0 Dodging
 - Level 4.0 Stealth
 - Level 6.0 Spellcasting
 - Level 10.0 Summonings
 - Level 4.0 Evocations


You had 5 spell levels left.
You knew the following spells:

 Your Spells              Type           Power      Damage    Failure   Level
a - Summon Small Mammal   Summ           100%       N/A       1%          1
b - Call Imp              Summ           34%        N/A       1%          2
c - Call Canine Familiar  Summ           34%        N/A       1%          3
d - Summon Guardian Gole  Hex/Summ       19%        N/A       8%          3
e - Summon Ice Beast      Ice/Summ       19%        N/A       24%         4
f - Summon Lightning Spi  Summ/Air       19%        N/A       24%         4

Your spell library contained the following spells:

 Spells                   Type           Power      Damage    Failure   Level
 Foxfire                  Conj/Fire      16%        2x1d4     19%         1
 Conjure Flame            Conj/Fire      4%         6-21      50%         3
 Inner Flame              Hex/Fire       4%         N/A       50%         3
 Sticky Flame             Conj/Fire      4%         2d3       88%         4
 Fireball                 Conj/Fire      2%         3d4       99%         5


Dungeon Overview and Level Annotations

Branches:
Dungeon (11/15)            Temple (1/1) D:7            Lair (0/6) D:9
    Orc (0/2) D:10          Sewer (visited)          Bailey (visited)

Altars:
Ashenzari
Cheibriados
Dithmenos
Elyvilon
Fedhas
Gozag
Hepliaklqana
Kikubaaqudgha
Makhleb
Nemelex Xobeh
Okawaru
Qazlal
Ru
Sif Muna
Trog
Uskayaw
Vehumet
Wu Jian
Xom
Yredelemnul
Zin
The Shining One
Jiyva

Shops:
D:6 *   D:7 *   D:9 !=((=

Annotations:
D:9 exclusions: death knight and 2 freezing wraiths
D:10 3 runed translucent doors, PanSaczeczos's ghost, journeyman DrEE


Innate Abilities, Weirdness & Mutations

You are amphibious.
You cover ground slowly.
You can hop short distances.
You have an extended range of vision and can be seen from far away.


Message History

You feel your power leaking away. The nameless horror hits you.
You feel your power leaking away.
The two-headed ogre hits you but does no damage.
The two-headed ogre hits you with a +0 giant club!
You barely miss the two-headed ogre. You hit the two-headed ogre.
The two-headed ogre is lightly wounded.
The two-headed ogre hits you with a +0 giant club!
The two-headed ogre barely misses you.
You slash the two-headed ogre!
The two-headed ogre is moderately wounded.
You slash the two-headed ogre!
The two-headed ogre is heavily wounded.
You hit the two-headed ogre but do no damage.
The two-headed ogre is heavily wounded.
The two-headed ogre hits you with a +0 giant club!
The two-headed ogre hits you but does no damage.
You slash the two-headed ogre!
The two-headed ogre is severely wounded.
You hit the two-headed ogre but do no damage.
The two-headed ogre is severely wounded.
The two-headed ogre hits you with a +0 giant club!!
* * * LOW HITPOINT WARNING * * *
The two-headed ogre hits you with a +0 giant club.
* * * LOW HITPOINT WARNING * * *
Hop to where?
Press: ? - help, Dir - move target Boing!
Unknown command.
Aiming: Paralyse
Press: ? - help, Shift-Dir - straight line, f - two-headed ogre
Aim: a two-headed ogre, wielding two +0 giant clubs (sparse dust, severely wounded, chance to affect: 40%)
The two-headed ogre resists with some effort.
Aiming: Paralyse
Press: ? - help, Shift-Dir - straight line, f/p - two-headed ogre
Aim: a two-headed ogre, wielding two +0 giant clubs (heavily wounded, chance to affect: 40%)
The two-headed ogre resists with some effort.
The two-headed ogre hits you with a +0 giant club!!
You die...

###. #< #. #. #### ##
####### #.[ #
########....^# #.# .#
#oo°XO.#.###.###.####.#
#.####@#.#..........#.#
#.# #.#.#.#.###......#
#.# #.#.#.#.# #......#
#.. #.#.....# #......#
##.# #.....### #......#
o# ###########......#
o# .............# .#
.....##......# o# ....
##.#.##.


You could see a nameless horror, a two-headed ogre and 2 orcs.

Vanquished Creatures
  The ghost of GrimJard the Fighter, a novice HOFi of Elyvilon (D:8)
  A two-headed ogre (D:10)
  2 orc knights (Bailey)
  A cyclops (D:11)
  A troll (D:9)
  A slime creature (D:10)
  A centaur simulacrum (D:11)
  2 nameless horrors (D:10)
  A shadow (D:10)
  2 wyverns (D:9)
  2 steam dragons (D:9)
  A basilisk (D:9)
  4 water moccasins (D:9)
  8 orc warriors
  2 black bears
  3 ice beasts
  3 wolves (D:9)
  5 centaurs
  2 kobold brigands (D:9)
  A bullfrog (D:9)
  7 gnoll sergeants
  A wyvern zombie (D:8)
  A water moccasin skeleton (D:7)
  7 killer bees (D:9)
  7 wights
  2 electric eels (D:11)
  2 bullfrog zombies
  3 centaur zombies
  4 hounds
  3 gnoll shamans
  A centaur skeleton (D:5)
  An iguana (D:5)
  6 orc wizards
  2 scorpion zombies (D:5)
  A howler monkey zombie (D:10)
  27 gnolls
  A howler monkey skeleton (D:3)
  2 adders
  A white imp (D:7)
  An ufetubus (D:6)
  5 worms
  A dart slug (D:4)
  27 orcs
  4 bats
  6 endoplasms
  7 goblins
  5 hobgoblins
  2 jackals
  3 quokkas
  3 ball pythons
  A frilled lizard (D:1)
  26 kobolds
  7 rats
221 creatures vanquished.

Vanquished Creatures (collateral kills)
  A two-headed ogre (D:7)
  An orc knight (Bailey)
  An ugly thing (D:11)
  A komodo dragon (D:10)
  2 slime creatures (D:10)
  2 wraiths
  2 wyverns (D:9)
  An acid dragon (D:11)
  2 water moccasins
  2 orc warriors
  An ice beast (D:6)
  2 ogres (D:5)
  A kobold brigand (Sewer)
  A bullfrog (D:4)
  A gnoll sergeant (D:6)
  2 scorpions
  A wyvern zombie (D:5)
  A water moccasin skeleton (D:5)
  3 killer bees (D:9)
  2 wights (D:8)
  6 hounds
  A centaur zombie (D:5)
  An orc priest (D:5)
  A jelly (D:5)
  2 iguanas
  2 scorpion zombies (D:5)
  4 orc wizards
  13 gnolls
  A howler monkey skeleton (D:6)
  4 adders
  A white imp (D:11)
  An ufetubus (D:6)
  An adder zombie (D:5)
  2 worms
  18 orcs
  A bat (D:1)
  An endoplasm (D:3)
  3 goblins
  2 hobgoblins (D:3)
  6 jackals
  2 quokkas
  4 ball pythons
  A frilled lizard (D:1)
  8 kobolds
  2 rats
  A bush (D:9)
119 creatures vanquished.

Vanquished Creatures (others)
  An orc warrior (Bailey)
  3 fungi (D:9)
  30 plants
  2 withered plants (D:5)
36 creatures vanquished.

Grand Total: 376 creatures vanquished

Notes
Turn   | Place    | Note
-------+----------+-------------------------------------------
     0 | D:1      | tilp the Barachi Summoner began the quest for the Orb.
     0 | D:1      | Reached XP level 1. HP: 13/13 MP: 3/3
    55 | D:1      | Reached skill level 1 in Fighting
   222 | D:1      | Reached XP level 2. HP: 19/22 MP: 1/5
   225 | D:1      | Learned a level 2 spell: Call Imp
  1233 | D:2      | You fall into a shaft and drop 1 floor!
  1336 | D:3      | Reached XP level 3. HP: 23/29 MP: 0/6
  1340 | D:3      | Learned a level 3 spell: Call Canine Familiar
  1931 | D:2      | Reached XP level 4. HP: 37/37 MP: 5/7
  1983 | D:2      | Reached skill level 5 in Summonings
  2031 | D:2      | Found a faded altar of an unknown god.
  2786 | D:3      | Found a burning altar of Makhleb.
  2868 | D:4      | Found a glowing drain.
  2946 | Sewer    | Entered a sewer
  3287 | Sewer    | Noticed a kobold brigand
  3300 | Sewer    | Killed a kobold brigand
  3301 | Sewer    | Reached XP level 5. HP: 24/42 MP: 4/9
  3692 | D:4      | Found a stormy altar of Qazlal.
  3700 | D:4      | Found a shadowy altar of Dithmenos.
  3701 | D:4      | Found a white marble altar of Elyvilon.
  3704 | D:4      | Found a broken altar of Ashenzari.
  3705 | D:4      | Found a shimmering altar of Xom.
  4040 | D:4      | Reached XP level 6. HP: 30/48 MP: 4/10
  4360 | D:5      | Entered Level 5 of the Dungeon
  4498 | D:5      | Noticed a wraith
  5047 | D:5      | Reached XP level 7. HP: 50/54 MP: 6/11
  5099 | D:5      | Reached skill level 1 in Evocations
  5224 | D:5      | Killed a wraith
  5225 | D:5      | Reached skill level 1 in Polearms
  6099 | D:5      | Reached XP level 8. HP: 47/60 MP: 1/13
  6743 | D:6      | Found Wiekhloa's General Store.
  6927 | D:6      | Identified the +4 quarterstaff of Exouxe {venom, rC+ Dex+4}
  7270 | D:6      | Reached skill level 5 in Fighting
  7842 | D:7      | Noticed a two-headed ogre
  7858 | D:7      | Killed a two-headed ogre
  7859 | D:7      | Reached skill level 5 in Dodging
  7859 | D:7      | Reached XP level 9. HP: 69/69 MP: 1/15
  8092 | D:7      | Found Zin's Purification Station.
  8105 | D:7      | Found a glowing silver altar of Zin.
  8275 | D:7      | Found a staircase to the Ecumenical Temple.
  8298 | Temple   | Entered the Ecumenical Temple
  8385 | Temple   | Became a worshipper of Warmaster Okawaru
  9542 | D:8      | Reached skill level 1 in Axes
  9940 | D:8      | Reached skill level 2 in Axes
  9940 | D:8      | Reached skill level 5 in Spellcasting
 10221 | D:8      | Found a transporter.
 10233 | D:8      | Reached * piety under Okawaru
 10357 | D:8      | Noticed GrimJard's ghost (novice HOFi)
 10360 | D:8      | Identified the ring "Zuwkimawn" {Fly Will+++}
 10387 | D:8      | Identified the ring of the Firefly {rF++ rC+ Str-2 SInv}
 10392 | D:8      | Found a transporter.
 10469 | D:8      | Reached skill level 3 in Axes
 10811 | D:8      | Reached XP level 10. HP: 22/76 MP: 1/18
 11177 | D:8      | Killed GrimJard's ghost
 11178 | D:8      | Reached skill level 5 in Axes
 11178 | D:8      | Reached skill level 10 in Summonings
 11513 | D:9      | Noticed a death knight
 11545 | D:9      | Found Canla's Weapon Shop.
 11547 | D:9      | Found Geusyrr's Weapon Shop.
 11549 | D:9      | Found Fiusch's Distillery.
 11551 | D:9      | Found Xediqey's Jewellery Shop.
 11555 | D:9      | Reached ** piety under Okawaru
 11654 | D:9      | Reached skill level 6 in Axes
 11793 | D:9      | Reached skill level 7 in Axes
 12055 | D:9      | Reached skill level 8 in Axes
 12550 | D:9      | Reached *** piety under Okawaru
 12592 | D:9      | Found a staircase to the Lair.
 12627 | D:9      | Reached skill level 9 in Axes
 12631 | D:9      | Learned a level 3 spell: Summon Guardian Golem
 12636 | D:9      | Learned a level 4 spell: Summon Ice Beast
 12641 | D:9      | Learned a level 4 spell: Summon Lightning Spire
 12769 | D:9      | Reached **** piety under Okawaru
 12937 | D:9      | Found Vecor's Jewellery Boutique.
 12952 | D:9      | Reached skill level 10 in Axes
 12952 | D:9      | Reached XP level 11. HP: 79/81 MP: 20/20
 13400 | D:10     | Entered Level 10 of the Dungeon
 13400 | D:10     | Found a runed translucent gate.
 13400 | D:10     | Found a runed translucent gate.
 13400 | D:10     | Found a runed translucent gate.
 13404 | D:10     | Noticed PanSaczeczos's ghost (journeyman DrEE)
 13406 | D:10     | Found a viscous altar of Jiyva.
 13428 | D:10     | Found a flagged portal.
 13445 | Bailey   | Entered a bailey
 13477 | Bailey   | Noticed an orc knight
 13478 | Bailey   | Noticed an orc knight
 13590 | Bailey   | Noticed an orc knight
 13746 | Bailey   | Identified the +1 scale mail of Courage {rElec Will+}
 14511 | Bailey   | Killed an orc knight
 14512 | Bailey   | Reached skill level 11 in Axes
 14953 | Bailey   | Killed an orc knight
 15126 | Bailey   | Killed an orc knight
 15552 | D:6      | Bought the +8 mithril axe "Arga" {speed, Will+} for 775
                  | gold pieces
 15552 | D:6      | Found the +8 mithril axe "Arga" {speed, Will+}
 15954 | D:10     | Found a staircase to the Orcish Mines.
 15990 | D:9      | HP: 3/81 [poisoned by a gnoll]
 16574 | D:10     | Found a hide-covered altar of Uskayaw.
 16574 | D:10     | Noticed a +0 hand axe
 16575 | D:10     | Noticed a +0 dagger
 16650 | D:10     | Reached skill level 12 in Axes
 17288 | D:11     | Noticed a two-headed ogre
 17296 | D:10     | Killed a two-headed ogre
 17296 | D:10     | Reached ***** piety under Okawaru
 17564 | D:11     | Noticed a cyclops
 17578 | D:11     | Killed a cyclops
 17862 | D:11     | Found the +9 sword of Zonguldrok {reap}
 17863 | D:11     | Noticed a white ugly thing
 17870 | D:11     | Reached skill level 13 in Axes
 17884 | D:11     | Killed a white ugly thing
 18225 | D:11     | Noticed an eight-headed hydra
 18581 | D:11     | Noticed a two-headed ogre
 18600 | D:11     | Mangled by a two-headed ogre

Illustrated notes

Levels and vault maps discovered:
D:1:      roderic_octagonal_star, layout_loops_ring
D:2:      layout_loops_cross, ebering_ecumenical_altar_box
D:3:      layout_rooms, lemuel_doored_altar, due_unseen_surprise
D:4:      layout_rooms, minitemple, portal_sewer_entry_d, minivault_4
D:5:      layout_rooms, serial_undead, serial_undead_f, serial_undead_d,
          serial_undead_d, serial_undead_e, due_unseen_surprise
D:6:      layout_cave_pools, serial_gnoll_camp, gnoll_camp_mini_doghouse,
          gnoll_camp_huts_moat, gnoll_camp_mini_loothouse, gnoll_camp_mini_shop
D:7:      layout_cave_pods, zin_purify, minmay_temple_entry_mist, st_stairs_7,
          minivault_27
D:8:      layout_basic, gammafunk_ghost_gnarly_gnolls
D:9:      layout_grid_maze, minmay_lair_entry_grove, serial_shops,
          nicolae_shop_trees, minmay_shop_grid_forest
D:10:     layout_gridville, dancing_weapons_uskayaw, david_orc_2,
          enter_bailey_3, gammafunk_ghost_ooze
D:11:     layout_loops_cross, serial_ice, serial_ice_g, serial_ice_j,
          serial_ice_a, serial_ice_d, nicolae_ru_great_annihilating_truth
Temple:   jpeg_temple_clearing

Skill      XL: |  1  2  3  4  5  6  7  8  9 10 11 |
---------------+----------------------------------+-----
Fighting       | 1 3 4 6 |  6.0
Summonings     | 5 6 8 9 10 | 10.0
Spellcasting   | 3 4 5 6 |  6.0
Stealth        | 2 4 |  4.0
Dodging        | 3 4 5 6 |  6.0
Evocations     | 2 4 |  4.0
Polearms       | 4 |  4.0
Axes           | 3 10 13 | 13.3

Action                   |  1- 3 |  4- 6 |  7- 9 | 10-12 || total
-------------------------+-------+-------+-------+-------++-------
Melee: Dagger            |    10 |       |       |       ||    10
       Spear             |   107 |   193 |   161 |       ||   461
       Quarterstaff      |       |       |   194 |     1 ||   195
       War axe           |       |       |       |   233 ||   233
       Punch             |       |       |       |     1 ||     1
       Broad axe         |       |       |       |   109 ||   109
Throw: Dart              |     2 |     4 |     3 |     2 ||    11
       Boomerang         |       |       |     1 |       ||     1
 Cast: Summon Small Mamm |    19 |     1 |     1 |       ||    21
       Call Imp          |     8 |    26 |    47 |    13 ||    94
       Call Canine Famil |       |    16 |    36 |    15 ||    67
       Summon Lightning  |       |       |       |    19 ||    19
       Summon Ice Beast  |       |       |       |    15 ||    15
       Summon Guardian G |       |       |       |     3 ||     3
Invok: Heroism           |       |       |     1 |     3 ||     4
 Abil: Hop               |       |     1 |     1 |     6 ||     8
Evoke: Wand              |       |       |     8 |     5 ||    13
  Use: Scroll            |     2 |    11 |     7 |     7 ||    27
       Potion            |       |       |     6 |     1 ||     7
 Stab: Sleeping          |     1 |     1 |     3 |       ||     5
       Distracted        |       |     3 |     7 |     6 ||    16
       Paralysed         |       |       |     2 |       ||     2
Armor: Robe              |    22 |     7 |       |       ||    29
       Leather armour    |       |    41 |   197 |   180 ||   418
Dodge: Dodged            |    70 |   100 |   327 |   244 ||   741

Table legend: (Time is in decaauts)
 A = Elapsed time spent in this place.
 B = Non-inter-level travel time spent in this place.
 C = Inter-level travel time spent in this place.
 D = Time resting spent in this place.
 E = Time spent auto-exploring this place.
 F = Levels seen in this place.
 G = Mean time per level.
                   A        B        C        D        E       F      G
               +--------+--------+--------+--------+--------+-----+--------+
         Total |  20226 |  18588 |   1638 |   6096 |   8510 |  14 | 1444.7 |
       Dungeon |  17311 |  15718 |   1593 |   4682 |   7877 |  11 | 1573.7 |
        Temple |    126 |     81 |     45 |      0 |     79 |   1 |  126.0 |
         Sewer |    679 |    679 |      0 |    210 |    292 |   1 |  679.0 |
        Bailey |   2109 |   2109 |      0 |   1204 |    261 |   1 | 2109.0 |
               +--------+--------+--------+--------+--------+-----+--------+

Top non-repeatable levels by time:
     D:9: 2699 daAuts
     D:8: 2211 daAuts
  Bailey: 2109 daAuts
     D:5: 1993 daAuts
    D:10: 1815 daAuts
     D:6: 1755 daAuts
     D:7: 1597 daAuts
     D:1: 1345 daAuts
     D:4: 1202 daAuts
     D:3: 966 daAuts
     D:2: 916 daAuts
    D:11: 806 daAuts
   Sewer: 679 daAuts
  Temple: 126 daAuts
